 Dungeon Crawl Stone Soup version 0.32-a0-136-gc02482bde3 (webtiles) character file.

Game seed: 4207107999392417939

600 Rennog the Insei (level 7, -2/53 HPs)
             Began as a Gnoll Shapeshifter on Feb 10, 2024.
             Was an Initiate of Cheibriados.
             Slain by Grinder (4 damage)
             ... while paralysed by Grinder
             ... on level 5 of the Dungeon.
             The game lasted 00:04:47 (3991 turns).

Rennog the Insei (Gnoll Shapeshifter)               Turns: 3991, Time: 00:04:48

Health: -2/53      AC:  2    Str: 14    XL:     7   Next: 41%
Magic:  10/10      EV:  2    Int: 17    God:    Cheibriados [......]
Gold:   234        SH:  0    Dex: 20    Spells: 11/11 levels left

rFire   . .          .
                       - Unarmed
rCold   . . .        (no shield)
rNeg    . . .        a - +0 animal skin
rPois   .            (helmet currently unavailable)
rElec   .            u - melded +0 cloak
rCorr   .            (gloves currently unavailable)
SInv    .            (boots currently unavailable)
Will    .....        (no amulet)
Stlth   ++           k - +6 ring of dexterity
HPRegen 0.28/turn    s - +6 ring of intelligence
MPRegen 0.12/turn

%: no passive effects
@: paralysed, beast-form, very slow
A: beast (slay +4), fangs 1, strong nose, distributed training
a: Begin Untransformation, Renounce Religion


You were on level 5 of the Dungeon.
You worshipped Cheibriados.
Cheibriados was noncommittal.
You were a hulking beast.
You visited 1 branch of the dungeon, and saw 5 of its levels.

You collected 234 gold pieces.

Inventory:

Missiles
 h - 8 poisoned darts (quivered)
 i - 6 atropa-tipped darts
Armour
 a - a +0 animal skin (worn)
 u - a +0 cloak (melded)
Jewellery
 k - a +6 ring of dexterity (left hand)
 s - a +6 ring of intelligence (right hand)
Talismans
 c - a beast talisman (active)
 d - a flux talisman
Scrolls
 b - a scroll of amnesia {unknown}
 e - 3 scrolls of brand weapon {unknown}
 g - a scroll of revelation {unknown}
 l - 3 scrolls of identify {unknown}
 n - a scroll of fog {unknown}
 o - 2 scrolls of teleportation {unknown}
 p - a scroll of noise {unknown}
 q - a scroll of torment {unknown}
 t - a scroll of fear {unknown}
 v - a scroll of acquirement {unknown}
Potions
 f - 4 potions of heal wounds {unknown}
 j - 3 potions of invisibility {unknown}
 m - a potion of curing {unknown}
 r - 2 potions of enlightenment {unknown}


   Skills:
 + Level 3.7 Fighting
 + Level 2.5 Short Blades
 + Level 2.5 Long Blades
 + Level 2.5 Axes
 + Level 2.5 Maces & Flails
 + Level 2.5 Polearms
 + Level 2.5 Staves
 + Level 2.5 Ranged Weapons
 + Level 2.5 Throwing
 + Level 2.5 Armour
 + Level 5.3 Dodging
 + Level 2.5 Stealth
 + Level 2.5 Shields
 + Level 7.1 Unarmed Combat
 + Level 2.5 Spellcasting
 + Level 2.1 Conjurations
 + Level 2.1 Hexes
 + Level 2.1 Summonings
 + Level 2.1 Necromancy
 + Level 2.1 Translocations
 + Level 2.1 Fire Magic
 + Level 2.1 Ice Magic
 + Level 2.1 Air Magic
 + Level 2.1 Earth Magic
 + Level 2.1 Alchemy
 + Level 2.8 Invocations
 + Level 2.5 Evocations
 + Level 7.0 Shapeshifting


You had 11 spell levels left.
You didn't know any spells.
Your spell library contained the following spells:

 Spells                   Type           Power      Damage    Failure   Level
 Freeze                   Ice            36%        1d5       8%          1
 Kiss of Death            Conj/Necr      36%        2d8       8%          1
 Shock                    Conj/Air       36%        1d5       8%          1
 Confusing Touch          Hex            9%         N/A       22%         3
 Frozen Ramparts          Ice            18%        1d3       22%         3
 Hailstorm                Conj/Ice       9%         3d6       22%         3
 Swiftness                Air            9%         N/A       22%         3
 Airstrike                Air            4%         2d(1-17)  58%         4
 Dispel Undead            Necr           9%         3d8       58%         4


Dungeon Overview and Level Annotations

Branches:
Dungeon (5/15)
 Temple: D:4-7

Altars:
Cheibriados
Fedhas
Gozag
Nemelex Xobeh
Trog

Annotations:
D:5 2 transporters, Grinder; jboons's ghost, novice FoSu


Innate Abilities, Weirdness & Mutations

You are a hulking beast.
Your limbs bulge with bestial killing power. (Slay +4)
You have very sharp teeth.
Your uncanny sense of smell can sniff out nearby items.
Your experience applies equally to all skills.


Message History

Pain shoots through your body! Grinder hits you.
You writhe in agony.
You see here 13 gold pieces.
You barely miss Grinder.
Grinder is moderately wounded.
Grinder hits you!
You writhe in agony.
You are too injured to fight recklessly!
You are too injured to fight recklessly!
You are too injured to fight recklessly!
You are too injured to fight recklessly!
You are too injured to fight recklessly!
You are too injured to fight recklessly!
You are too injured to fight recklessly!
You hit Grinder.
Grinder is heavily wounded.
Grinder hits you.
You punch Grinder! Your bite misses Grinder.
Grinder is severely wounded.
Grinder hits you!
You hit Grinder. You bite Grinder.
Grinder is almost dead.
Grinder barely misses you.
You hit Grinder but do no damage.
Grinder is almost dead.
You barely miss Grinder.
Grinder is almost dead.
Grinder gestures at you.
You suddenly lose the ability to move!
Grinder hits you.
* * * LOW HITPOINT WARNING * * *
You writhe in agony.
* * * LOW HITPOINT WARNING * * *
Grinder gestures at you.
You struggle to resist.
Grinder hits you!
* * * LOW HITPOINT WARNING * * *
You writhe in agony.
You die...
Grinder says, "Now the real fun starts!"
Cheibriados appreciates the motionlessness of death.

#.# # #..#.# #. #.#.#
#..#.# #.####.#. #..#.#
... .... #..#.# ..#
#.#####..#.######
).####................
.>..............(.#######
...#.#.######...........#
#...........+...h.......#
#....#.######....5......#
.....#.# ######.!....#
#....#.# #......#
.....#.# #......#
#......## #<.....#
#....#..# #.../..#####
#....#..## #....รท.....#
.....#...#######
#####5.....#


You could see Grinder.

Vanquished Creatures
  Sigmund (D:5)
  2 phantoms
  A howler monkey (D:4)
  A bombardier beetle (D:5)
  A jelly (D:4)
  Crazy Yiuf (D:3)
  A sleepcap (D:4)
  5 adders
  A white imp (D:3)
  3 ribbon worms
  4 ball pythons (D:4)
  8 endoplasms
  4 giant cockroaches
  6 goblins
  4 hobgoblins
  5 jackals
  10 kobolds
  2 quokkas
  5 bats
  5 frilled lizards
  2 rats (D:1)
72 creatures vanquished.

Notes
Turn   | Place    | Note
-------+----------+-------------------------------------------
     0 | D:1      | Rennog the Gnoll Shapeshifter began the quest for the Orb.
     0 | D:1      | Reached XP level 1. HP: 17/17 MP: 1/1
   254 | D:1      | Reached XP level 2. HP: 23/23 MP: 2/2
   637 | D:1      | Reached XP level 3. HP: 26/28 MP: 3/3
  1004 | D:2      | Reached skill level 1 in Invocations
  1465 | D:3      | Found an opulent altar of Gozag.
  1562 | D:3      | Found a runed translucent door.
  1564 | D:3      | Noticed Crazy Yiuf
  1746 | D:3      | Reached skill level 1 in Short Blades
  1746 | D:3      | Reached skill level 1 in Long Blades
  1746 | D:3      | Reached skill level 1 in Axes
  1746 | D:3      | Reached skill level 1 in Maces & Flails
  1746 | D:3      | Reached skill level 1 in Polearms
  1746 | D:3      | Reached skill level 1 in Staves
  1746 | D:3      | Reached skill level 1 in Ranged Weapons
  1746 | D:3      | Reached skill level 1 in Throwing
  1746 | D:3      | Reached skill level 1 in Armour
  1746 | D:3      | Reached skill level 1 in Stealth
  1746 | D:3      | Reached skill level 1 in Shields
  1746 | D:3      | Reached skill level 1 in Spellcasting
  1746 | D:3      | Reached skill level 1 in Evocations
  2287 | D:4      | Reached XP level 4. HP: 25/34 MP: 5/5
  2492 | D:4      | Reached skill level 1 in Conjurations
  2492 | D:4      | Reached skill level 1 in Hexes
  2492 | D:4      | Reached skill level 1 in Summonings
  2492 | D:4      | Reached skill level 1 in Necromancy
  2492 | D:4      | Reached skill level 1 in Translocations
  2492 | D:4      | Reached skill level 1 in Fire Magic
  2492 | D:4      | Reached skill level 1 in Ice Magic
  2492 | D:4      | Reached skill level 1 in Air Magic
  2492 | D:4      | Reached skill level 1 in Earth Magic
  2492 | D:4      | Reached skill level 1 in Alchemy
  2687 | D:4      | Noticed a phantom
  2696 | D:4      | Reached XP level 5. HP: 31/41 MP: 5/7
  2703 | D:4      | Killed a phantom
  2753 | D:4      | Reached XP level 6. HP: 42/47 MP: 8/8
  2803 | D:4      | Found a blossoming altar of Fedhas.
  2805 | D:4      | Found a sparkling altar of Nemelex Xobeh.
  2805 | D:4      | Found a bloodstained altar of Trog.
  2806 | D:4      | Found a snail-covered altar of Cheibriados.
  2822 | D:4      | Reached skill level 5 in Dodging
  2862 | D:4      | Became a worshipper of Cheibriados the Contemplative
  3415 | D:3      | Killed Crazy Yiuf
  3551 | D:5      | Entered Level 5 of the Dungeon
  3551 | D:5      | Noticed Sigmund
  3602 | D:5      | Killed Sigmund
  3603 | D:5      | Reached XP level 7. HP: 52/52 MP: 10/10
  3678 | D:5      | Found a transporter.
  3681 | D:5      | Noticed jboons's ghost (novice FoSu)
  3751 | D:5      | Found a transporter.
  3774 | D:5      | Noticed Grinder
  3790 | D:5      | Paralysed by Grinder for 5 turns
  3988 | D:5      | Paralysed by Grinder for 3 turns
  3991 | D:5      | HP: 2/53 [Grinder (8)]
  3991 | D:5      | Slain by Grinder

Illustrated notes

Levels and vault maps discovered:
D:1:      lightli_arrival_farm, layout_basic
D:2:      layout_rooms
D:3:      layout_loops_cross, grunt_gozag_breadcrumbs, serial_bayou,
          serial_bayou_pond_c, serial_bayou_pond_d, serial_bayou_shore_a,
          serial_bayou_ford_a, serial_bayou_crossing, serial_bayou_pond_e,
          mrwooster_statue_mirror, chequers_serial_rivers_large_b,
          roderic_lattice_a, uniq_crazy_yiuf_cottage
D:4:      layout_basic, grunt_temple_overflow_open
D:5:      layout_basic, mainiacjoe_overflow_surrounded_room,
          gammafunk_temple_overflow_elements, gammafunk_ghost_arena,
          uniq_grinder, uniq_sigmund

Skill      XL: |  1  2  3  4  5  6  7 |
---------------+----------------------+-----
Invocations    | 1 2 |  2.8
Short Blades   | 1 2 |  2.5
Long Blades    | 1 2 |  2.5
Axes           | 1 2 |  2.5
Maces & Flails | 1 2 |  2.5
Polearms       | 1 2 |  2.5
Staves         | 1 2 |  2.5
Ranged Weapons | 1 2 |  2.5
Throwing       | 1 2 |  2.5
Armour         | 1 2 |  2.5
Stealth        | 1 2 |  2.5
Shields        | 1 2 |  2.5
Spellcasting   | 1 2 |  2.5
Evocations     | 1 2 |  2.5
Conjurations   | 1 2 |  2.1
Hexes          | 1 2 |  2.1
Summonings     | 1 2 |  2.1
Necromancy     | 1 2 |  2.1
Translocations | 1 2 |  2.1
Fire Magic     | 1 2 |  2.1
Ice Magic      | 1 2 |  2.1
Air Magic      | 1 2 |  2.1
Earth Magic    | 1 2 |  2.1
Alchemy        | 1 2 |  2.1
Fighting       | 3 |  3.7
Dodging        | 5 |  5.3
Unarmed Combat | 7 |  7.1
Shapeshifting  | 7 |  7.0

Action                     |  1- 3 |  4- 6 |  7- 9 || total
---------------------------+-------+-------+-------++-------
  Melee: Unarmed           |    90 |    70 |    38 ||   198
         Bite              |    10 |    13 |     5 ||    28
         Punch             |     3 |     5 |     1 ||     9
    Use: Potion            |       |     1 |       ||     1
   Stab: Sleeping          |     4 |     2 |       ||     6
 Armour: Animal skin       |    32 |    21 |    20 ||    73
         Skin              |       |     3 |       ||     3
  Dodge: Dodged            |    50 |    37 |    13 ||   100
   Form: Beast             |       |     2 |       ||     2
                           |       |     1 |       ||     1

Table legend: (Time is in decaauts)
 A = Elapsed time spent in this place.
 B = Non-inter-level travel time spent in this place.
 C = Inter-level travel time spent in this place.
 D = Time resting spent in this place.
 E = Time spent auto-exploring this place.
 F = Levels seen in this place.
 G = Mean time per level.
                   A        B        C        D        E       F      G
               +--------+--------+--------+--------+--------+-----+--------+
         Total |   4247 |   3909 |    338 |    173 |   3195 |   5 |  849.4 |
       Dungeon |   4247 |   3909 |    338 |    173 |   3195 |   5 |  849.4 |
               +--------+--------+--------+--------+--------+-----+--------+

Top non-repeatable levels by time:
     D:4: 1434 daAuts
     D:3: 1226 daAuts
     D:1: 893 daAuts
     D:2: 418 daAuts
     D:5: 275 daAuts
